AoeStats
← Dafixios

Black Forest

510445349Analyzed
2v2 RM · 2d ago on Oct 1, 2026· 39m 47s· 4 players
Game mode
Random Map
Map size
Medium (4 player)
Population
200
Speed
Normal
Resources
Standard
Victory
Conquest
Starting age
Dark Age
Ending age
Imperial Age
RankedLock teamsTeams togetherTeam positionsShared explorationLock speedFull tech treeHidden civsTurbo modeCheats
Victory
Defeat
🇦🇷 Malians · Argentina
1141
+15
🇦🇷 Turks · Argentina
1140
+14
🇲🇽 Japanese · Mexico
1129
-15
🇲🇽 Portuguese · Mexico
1103
-14
Dafixios
0:25 Loom
13:30 Feudal Age
13:49 Man-at-Arms
14:42 Arson
16:36 Fletching
23:47 Forging
24:49 Horse Collar
28:19 Castle Age
29:49 Wheelbarrow
30:15 Double-Bit Axe
33:18 Heavy Plow
34:55 Hand Cart
41:23 Imperial Age
39:40 Masonry
Alexr_93
0:41 Loom
13:44 Feudal Age
18:52 Castle Age
20:36 Crossbowman
23:05 Padded Archer Armor
27:12 Ballistics
26:45 Fletching
30:08 Bodkin Arrow
35:12 Imperial Age
33:51 Double-Bit Axe
33:55 Horse Collar
34:48 Fortified Wall
37:23 Chemistry
39:05 Leather Archer Armor
Sir K
0:46 Loom
13:54 Feudal Age
22:30 Castle Age
20:23 Double-Bit Axe
22:48 Horse Collar
25:26 Wheelbarrow
25:41 Gold Mining
27:23 Town Watch
28:24 Heavy Plow
35:55 Imperial Age
34:38 Bow Saw
35:08 Bloodlines
35:01 Husbandry
Gordi
0:53 Loom
11:29 Feudal Age
15:22 Castle Age
15:12 Double-Bit Axe
17:19 Bow Saw
19:58 Horse Collar
21:28 Squires
23:37 Forging
29:04 Wheelbarrow
29:09 Fletching
33:37 Imperial Age
31:04 Gold Mining
32:54 Iron Casting
32:31 Heavy Plow
34:06 Hand Cart
35:17 Chemistry
35:29 Elite Gbeto
36:41 Ballistics
37:48 Conscription
37:35 Arson
37:52 Scale Mail Armor
39:57 Chain Mail Armor
Connection lost

Rejoining the realm…

Still unreachable

The connection could not be restored.

Session expired

The server has moved on; the page needs a fresh start.